 Dungeon Crawl Stone Soup version 0.28.0-47-ge53b351184 (webtiles) character file.

Game seed: 16315405681936861802

56 Cruo the Skirmisher (level 3, -11/36 HPs)
             Began as a Minotaur Chaos Knight on May 5, 2022.
             Was a Plaything of Xom.
             Killed by an exploding bat (23 damage)
             ... ignited by their inner flame
             ... on level 3 of the Dungeon.
             The game lasted 00:05:19 (1343 turns).

Cruo the Skirmisher (Minotaur Chaos Knight)         Turns: 1343, Time: 00:05:19

Health: -11/36     AC: 12    Str: 18    XL:     3   Next: 71%
Magic:  2/2        EV: 18    Int:  9    God:    Xom [..*...]
Gold:   109        SH:  0    Dex:  9    Spells: 2/2 levels left

rFire   . . .      SeeInvis .   (weapon currently unavailable)
rCold   . . .      Faith    .   (shield currently unavailable)
rNeg    + + +      Spirit   .   (armour currently unavailable)
rPois   +          Reflect  .   (helmet currently unavailable)
rElec   .          Harm     .   (cloak currently unavailable)
rCorr   .          Rampage  .   (gloves currently unavailable)
Will    .....                   (boots currently unavailable)
Stlth   +.........              (no amulet)
HPRegen 0.12/turn               (no ring)
MPRegen 0.08/turn               (no ring)

@: fungus-form (expiring)
A: melee confuse, terrified, no casting, tiny, (horns 2), (retaliatory headbutt)
a: Renounce Religion


You were on level 3 of the Dungeon.
You worshipped Xom.
You were a toy of Xom.
You were a sentient fungus.
You visited 1 branch of the dungeon, and saw 3 of its levels.

You collected 109 gold pieces.

Inventory:

Hand Weapons
 i - the +10 trident "Ecuvuzif" (melded) {vorpal, Dex+3 Stlth+}
   (You found it on level 2 of the Dungeon)

   It inflicts extra damage upon your enemies.
   Dex:       It affects your dexterity (+3).
   Stlth:     It makes you more stealthy.
Missiles
 d - 3 javelins
Armour
 b - a +2 leather armour (melded)
Scrolls
 c - a scroll of enchant armour {unknown}
 f - 2 scrolls of enchant weapon
Potions
 g - 3 potions of curing {unknown}


   Skills:
 - Level 5.0 Fighting
 - Level 3.6(4.0) Axes
 + Level 2.3(3.3) Polearms
 - Level 2.4 Armour
 - Level 1.1 Dodging


You had 2 spell levels left.
You didn't know any spells.
Your spell library contained the following spells:

 Spells                   Type           Power      Damage    Failure   Level
 Magic Dart               Conj           0%         1d3       38%         1
 Call Imp                 Summ           0%         N/A       52%         2
 Gell's Gravitas          Tloc           0%         N/A       77%         3
 Mephitic Cloud           Conj/Pois/Air  0%         N/A       77%         3
 Teleport Other           Tloc           0%         N/A       77%         3
 Fulminant Prism          Conj/Hex       0%         3d6       99%         4
 Iskenderun's Mystic Bla  Conj/Tloc      0%         2d3       99%         4
 Lee's Rapid Deconstruct  Erth           0%         3d5*      100%        5
 Dispersal                Tloc           0%         N/A       100%        6


Dungeon Overview and Level Annotations

Branches:
Dungeon (3/15)

Altars:
Qazlal


Innate Abilities, Weirdness & Mutations

You are a sentient fungus.
You are tiny and evasive.
Your melee attack releases spores that confuse breathing creatures.
You become terrified and freeze when enemies are visible.
Your armour is entirely melded.
You are incapable of wielding weapons or throwing items.
You cannot cast spells.
((You have a pair of horns on your head.))
((You reflexively headbutt those who attack you in melee.))


Message History

Xom is mildly amused.
The bat closely misses you. Ijyb hits you with a +0 club.
The bat barely misses you. Ijyb completely misses you.
You're too terrified to move while being watched!
You're too terrified to move while being watched!
You're too terrified to move while being watched!
The bat hits you but does no damage. Ijyb hits you but does no damage.
The bat hits you. Ijyb barely misses you. Ijyb hits you but does no damage.
The bat hits you but does no damage. The bat barely misses you.
Ijyb misses you. The bat misses you.
Ijyb screams, "Level is mine!
All mine!"
Ijyb hits you but does no damage. The bat misses you.
Ijyb hits you but does no damage.
You release spores at Ijyb!
Flame seeps out of Ijyb.
Ijyb is severely wounded.
The bat closely misses you.
Ijyb is engulfed in blazing flames.
Flame seeps out of Ijyb.
Ijyb screams, "Get away!"
Ijyb barely misses you.
You're too terrified to move while being watched!
Unknown command.
You're too terrified to move while being watched!
You're too terrified to move while being watched!
Unknown command.
You're too terrified to move while being watched!
Unknown command.
You're too terrified to move while being watched!
Unknown command.
Your transformation is almost over.
The bat barely misses you.
Ijyb is engulfed in blazing flames.
Ijyb explodes!
The fiery explosion engulfs you!!
Ouch! That really hurt!
The fiery explosion engulfs the bat!
The bat explodes!
The fiery explosion engulfs you!!
Ouch! That really hurt!
You die...
Xom thinks this is hilarious!

#... ##...
...... ###
...... ..#
....##.#
#.§§§.#.#
#..§§.#.#
#.§○f.#.#
#####.#.#
########.#.#
#........#.# #.#
#.######.#.# #.#
#........# #.#
#.######.# #.#
#....[...# #.#
#..#####.#...#.#


There were no monsters in sight!

Vanquished Creatures
  Ijyb (D:3)
  2 adders (D:2)
  A worm (D:2)
  2 dart slugs
  A giant cockroach (D:1)
  2 goblins
  2 hobgoblins
  4 jackals (D:1)
  4 ball pythons
  6 bats
  4 frilled lizards
  4 kobolds
  3 rats
36 creatures vanquished.

Notes
Turn   | Place    | Note
-------+----------+-------------------------------------------
     0 | D:1      | Cruo the Minotaur Chaos Knight began the quest for the Orb.
     0 | D:1      | Reached XP level 1. HP: 19/19 MP: 0/0
    15 | D:1      | Reached skill level 4 in Fighting
    15 | D:1      | XOM: potion effect (berserk rage)
    79 | D:1      | XOM: divination: magic mapping
    80 | D:1      | Reached XP level 2. HP: 28/28 MP: 1/1
   110 | D:1      | Found a faded altar of an unknown god.
   501 | D:2      | Reached skill level 5 in Fighting
   552 | D:2      | Identified the +5 whip "Okuatunnapp" {pain, Fragile rN++
                  | rCorr}
   558 | D:2      | Identified the +10 trident "Ecuvuzif" {vorpal, Dex+3
                  | Stlth+}
   587 | D:2      | Reached XP level 3. HP: 36/36 MP: 2/2
   735 | D:2      | Reached skill level 1 in Polearms
   927 | D:2      | Found a stormy altar of Qazlal.
  1001 | D:2      | XOM: silly message
  1330 | D:3      | Noticed Ijyb
  1343 | D:3      | Killed Ijyb
  1343 | D:3      | Killed by an exploding bat... ignited by their inner flame

Illustrated notes

Levels and vault maps discovered:
D:1:      mushboom_english_gardens, layout_rooms,
          hellmonk_ecumenical_altar_pennies_from_heaven
D:2:      layout_loops_ring, basic_altar, minmay_tromino_v7
D:3:      layout_basic, uniq_ijyb

Skill      XL: |  1  2  3 |
---------------+----------+-----
Fighting       | 4 5 |  5.0
Polearms       | 2 |  2.3
Axes           | |  3.6
Armour         | |  2.4
Dodging        | |  1.1

Action                   || total
-------------------------++-------
Melee: Hand axe          ||    31
       Punch             ||     1
       Headbutt          ||     4
       Trident           ||     9
       Unarmed           ||     1
Throw: Javelin           ||     4
  Use: Scroll            ||     3
 Stab: Sleeping          ||     1
Armor: Leather armour    ||    21
       Skin              ||     6
Dodge: Dodged            ||    52
